 Dungeon Crawl Stone Soup version 0.28-b1-25-g9875b3fc8c (webtiles) character file.

Game seed: 5804244276242822126

1080 growler the Gusty (level 8, -4/41 HPs)
             Began as a Tengu Air Elementalist on Feb 3, 2022.
             Was a Follower of Ashenzari.
             Killed by divine providence
             ... invoked by an orc priest
              (15 damage)
             ... on level 5 of the Dungeon.
             The game lasted 00:16:24 (5641 turns).

growler the Gusty (Tengu Air Elementalist)          Turns: 5641, Time: 00:16:25

Health: -4/41      AC:  3    Str:  9    XL:     8   Next: 29%
Magic:  7/16       EV: 15    Int: 21    God:    Ashenzari [*.....]
Gold:   178        SH:  0    Dex: 15    Spells: 7/17 levels left

rFire   . . .      SeeInvis .   p - +6 mace of Ashenzari's Fetters {speed, *Rage rPois rC- Int+4, Evo, Melee} (curse)
rCold   x . .      Faith    .   (no shield)
rNeg    . . .      Spirit   .   a - +0 robe of Star-Bound Wisdom {Cun, Alch} (curse)
rPois   +          Reflect  .   (helmet restricted)
rElec   .          Harm     .   q - +0 cloak
rCorr   .          Rampage  .   (no gloves)
Will    .....      Rage     20% (boots unavailable)
Stlth   ++........              (no amulet)
HPRegen 0.13/turn               m - +4 ring of slaying
MPRegen 0.15/turn               (no ring)

@: flying quickly and evasively, quick
A: beak, talons 3, nimble flight
a: Renounce Religion, Curse Item, Shatter the Chains


You were on level 5 of the Dungeon.
You worshipped Ashenzari.
Ashenzari was aware of your devotion.
You visited 1 branch of the dungeon, and saw 5 of its levels.
You also visited: Sewer.

You collected 178 gold pieces.

Inventory:

Hand Weapons
 p - the cursed +6 mace of Ashenzari's Fetters (weapon) {speed, *Rage rPois rC- Int+4, Evo, Melee}
   (You found it on level 2 of the Dungeon)

   Attacks with this weapon are significantly faster.
   Int:       It affects your intelligence (+4).
   rC:        It makes you vulnerable to cold.
   rPois:     It protects you from poison.
   *Rage:     It berserks you when you make melee attacks (+20% chance).
   It has a curse which improves the following skills: Evocations: Evocations.
   Melee Combat: Short Blades, Long Blades, Axes, Maces & Flails, Polearms,
   Staves and Unarmed Combat.
 v - the +1 hand axe "Osekys" {protect, rC+ Will+ rCorr Str+4 Dex-2}
   (You found it on level 3 of the Dungeon)

   It grants its wielder temporary protection when it strikes (+7 to AC).
   Str:       It affects your strength (+4).
   Dex:       It affects your dexterity (-2).
   rC:        It protects you from cold.
   rCorr:     It protects you from acid and corrosion.
   Will:      It increases your willpower.
Armour
 a - the cursed +0 robe of Star-Bound Wisdom (worn) {Cun, Alch}

   It has a curse which improves the following skills: Cunning: Dodging and
   Stealth.
   Alchemy:   Poison Magic and Transmutations.
 q - a +0 cloak (worn)
   (You took it off Crazy Yiuf on level 2 of the Dungeon)
 r - the +0 robe of Unambiguity {Will++ MP-9 Dex+8}
   (You found it on level 3 of the Dungeon)

   Dex:       It affects your dexterity (+8).
   MP:        It affects your magic capacity (-9).
   Will:      It greatly increases your willpower.
 w - +0 steam dragon scales
   (You found it on level 4 of the Dungeon)
 y - the +1 ring mail "Umuemim" {rCorr Int+4 Dex-2}
   (You found it on level 4 of the Dungeon)

   Int:       It affects your intelligence (+4).
   Dex:       It affects your dexterity (-2).
   rCorr:     It protects you from acid and corrosion.
Jewellery
 m - a +4 ring of slaying (left hand)
   (You found it on level 2 of the Dungeon)
 n - a ring of resist corrosion
   (You found it on level 2 of the Dungeon)
Scrolls
 b - a scroll of enchant weapon
 d - a scroll of magic mapping
 f - 3 scrolls of fog
 j - 2 scrolls of enchant armour
 s - 2 scrolls of immolation {!r}
 u - 2 scrolls of identify {@r1}
 x - a scroll of fear
Potions
 c - 2 potions of haste {@q3}
 e - 3 potions of might
 g - 3 potions of mutation {!q}
 h - 2 potions of attraction {!q}
 i - a potion of brilliance
 k - a potion of lignification {!q}
 l - 2 potions of curing {@q1}
 o - 2 potions of resistance
 t - 2 potions of magic


   Skills:
 + Level 2.9(3.6) Maces & Flails
 - Level 2.1(2.8) Dodging
 - Level 2.0(2.6) Stealth
 + Level 5.1 Spellcasting
 + Level 6.8 Conjurations
 + Level 7.9 Air Magic


You had 7 spell levels left.
You knew the following spells:

 Your Spells              Type           Power      Damage    Failure   Level
a - Shock                 Conj/Air       100%       1d9       1%          1
b - Airstrike             Air            19%        N/A       4%          4
d - Static Discharge      Conj/Air       36%        N/A       1%          2
s - Swiftness             Air            38%        N/A       1%          3

Your spell library contained the following spells:

 Spells                   Type           Power      Damage    Failure   Level
 Magic Dart               Conj           100%       1d8       1%          1
 Mephitic Cloud           Conj/Pois/Air  26%        N/A       4%          3
 Pain                     Necr           20%        1d5       11%         1
 Call Imp                 Summ           5%         N/A       16%         2
 Iskenderun's Battlesphe  Conj           34%        2d9       19%         5
 Tukima's Dance           Hex            5%         N/A       32%         3
 Fireball                 Conj/Fire      9%         3d6       58%         5
 Conjure Ball Lightning   Conj/Air       18%        3x3d6     61%         6
 Passage of Golubria      Tloc           5%         N/A       71%         4
 Agony                    Necr           5%         N/A       96%         5
 Excruciating Wounds      Necr           2%         N/A       96%         5
 Yara's Violent Unravell  Hex/Tmut       2%         3d3       96%         5
 Orb of Destruction       Conj           17%        9d7       99%         7


Dungeon Overview and Level Annotations

Branches:
Dungeon (5/15)              Sewer (visited)
 Temple: D:4-7

Altars:
Ashenzari

Annotations:
D:3 2 runed translucent doors, crazypyro's ghost, amateur DsWn


Innate Abilities, Weirdness & Mutations

You have a beak for a mouth.
You have claws for feet.
Your magical nature lets you fly swiftly and evasively.


Message History

The scorpion zombie is struck by an arc of lightning.
You destroy the scorpion zombie!
The lightning grounds out.
Found 8 gold pieces.
You now have 175 gold pieces (gained 8).
Found a stone staircase leading up.
Ashenzari invites you to partake of a vision and a curse of alchemy and beguiling.
Found a stone staircase leading down.
Found 3 poisoned darts.
Found a scroll of identify.
u - 2 scrolls of identify {@r1} (gained 1)
Found 3 gold pieces.
Found a scroll of noise.
You now have 178 gold pieces (gained 3).
An adder comes into view.
The adder hisses angrily.
You hear a shout!
Aim: an adder (57% to hit)
The zap hits the adder!
A scorpion comes into view.
Aim: an adder (almost dead, 57% to hit)
The zap misses the adder.
Aim: an adder (almost dead, 57% to hit)
The zap hits the adder.
An orc priest comes into view. It is wielding a +0 club.
Aim: an adder (almost dead, 57% to hit)
The zap hits the adder.
You kill the adder!
Okay, then.
An orc wizard comes into view. It is wielding a +0 dagger.
An orc comes into view. It is wielding a +0 dagger.
The scorpion is struck by an arc of lightning!
You are struck by an arc of lightning.
The scorpion is struck by an arc of lightning.
You are struck by an arc of lightning.
The lightning grounds out.
The scorpion completely misses you.
The scorpion is struck by an arc of lightning!
You kill the scorpion!
The lightning grounds out.
An orc priest comes into view. It is wielding a +0 dagger.
The orc priest invokes the aid of Beogh against you.
Beogh smites you!
The orc priest moves out of view.
You hear a shout!
The orc priest is struck by an arc of lightning!
The lightning grounds out.
The orc priest calls down the wrath of Beogh upon you.
Beogh smites you!
* * * LOW HITPOINT WARNING * * *
The orc priest calls down the wrath of Beogh upon you.
Beogh smites you!
You die...

#### #. ...#
####.## #...
....... ...
##..... ...
o...o.. ###.#
#..... ##.#.#
##..o..###
##.#..#
......o@.#
#####.###.#
.....###.#
#....## ##. ###
#.#####.###.###..
#....##.# ##.#...
#.......# ##.###
.........#### ###
.####.#.## #.#.#
#.#.#


You could see 2 orc priests, an orc wizard and an orc.

Vanquished Creatures
  A steam dragon (D:4)
  2 ogres (D:4)
  A phantom (D:4)
  A bullfrog (D:4)
  A scorpion (D:5)
  A hound (D:4)
  5 jellies
  Crazy Yiuf (D:2)
  An iguana (D:4)
  2 orc wizards (D:3)
  A scorpion zombie (D:5)
  A hound skeleton (D:4)
  3 gnolls (D:3)
  2 river rats (Sewer)
  9 adders
  2 ufetubi (D:4)
  An adder skeleton (D:4)
  4 worms
  3 dart slugs
  5 orcs
  8 ball pythons
  10 endoplasms
  8 giant cockroaches
  7 hobgoblins (D:1)
  3 jackals (D:3)
  2 quokkas (D:2)
  6 bats
  7 frilled lizards
  9 goblins
  8 kobolds
  6 rats
121 creatures vanquished.

Vanquished Creatures (others)
  3 plants (D:2)
3 creatures vanquished.

Grand Total: 124 creatures vanquished

Notes
Turn   | Place    | Note
-------+----------+-------------------------------------------
     0 | D:1      | growler the Tengu Air Elementalist began the quest for the
                  | Orb.
     0 | D:1      | Reached XP level 1. HP: 10/10 MP: 4/4
   284 | D:1      | Reached XP level 2. HP: 15/15 MP: 0/6
   352 | D:1      | Learned a level 2 spell: Static Discharge
   678 | D:1      | Reached XP level 3. HP: 17/19 MP: 0/7
   682 | D:1      | Learned a level 3 spell: Swiftness
  1491 | D:2      | Found a faded altar of an unknown god.
  1685 | D:2      | Found a broken altar of Ashenzari.
  1699 | D:2      | Became a worshipper of Ashenzari the Shackled
  1979 | D:2      | Identified the +6 mace of Ashenzari's Delight {speed, *Rage
                  | rPois rC- Int+4}
  1984 | D:2      | Found a runed translucent door.
  1985 | D:2      | Noticed Crazy Yiuf
  2159 | D:2      | Killed Crazy Yiuf
  2160 | D:2      | Reached skill level 5 in Air Magic
  2160 | D:2      | Reached XP level 4. HP: 10/24 MP: 2/9
  2406 | D:3      | Found a runed translucent door.
  2609 | D:3      | Identified the +0 robe of Unambiguity {Will++ MP-9 Dex+8}
  2636 | D:3      | Gained mutation: Your magical nature lets you fly swiftly
                  | and evasively. [Tengu growth]
  2636 | D:3      | Reached XP level 5. HP: 28/28 MP: 2/10
  3110 | D:3      | Found a runed translucent door.
  3463 | D:3      | Noticed crazypyro's ghost (amateur DsWn)
  3480 | D:3      | Identified the +1 hand axe "Osekys" {protect, rC+ Will+
                  | rCorr Str+4 Dex-2}
  3647 | D:4      | Reached skill level 6 in Air Magic
  3647 | D:4      | Reached XP level 6. HP: 20/32 MP: 3/12
  3810 | D:4      | Learned a level 4 spell: Airstrike
  4048 | D:4      | Reached skill level 5 in Conjurations
  4048 | D:4      | Reached XP level 7. HP: 36/36 MP: 8/14
  4132 | D:4      | Found a glowing drain.
  4145 | Sewer    | Entered a sewer
  4436 | Sewer    | Reached * piety under Ashenzari
  4494 | Sewer    | Reached skill level 7 in Air Magic
  4592 | Sewer    | Found a viscous altar of Jiyva.
  4632 | Sewer    | Reached skill level 1 in Maces & Flails
  5005 | D:4      | Noticed a steam dragon
  5008 | D:4      | Killed a steam dragon
  5009 | D:4      | Reached XP level 8. HP: 34/41 MP: 9/16
  5308 | D:4      | Reached skill level 5 in Spellcasting
  5401 | D:4      | Identified the +1 ring mail "Umuemim" {rCorr Int+4 Dex-2}
  5473 | D:5      | Entered Level 5 of the Dungeon
  5641 | D:5      | Killed from afar by an orc priest

Illustrated notes

Levels and vault maps discovered:
D:1:      onia_arrival_pyramid, layout_basic, minmay_heptomino_l4
D:2:      layout_basic, basic_altar, ebering_ecumenical_altar_rust,
          serial_bayou_ford_a, uniq_crazy_yiuf_cottage
D:3:      layout_loops_ring, ebering_ghost_sewer_f
D:4:      layout_basic, cheibrodos_sewer_entry_bend, minmay_small_thing
D:5:      layout_loops_ring, water_boxes_lemuel

Skill      XL: |  1  2  3  4  5  6  7  8 |
---------------+-------------------------+-----
Conjurations   | 2 3 4 5 6 |  6.8
Air Magic      | 5 6 7 |  7.9
Spellcasting   | 3 4 5 |  5.1
Maces & Flails | 2 |  2.9
Dodging        | |  2.1
Stealth        | |  2.0

Action                   |  1- 3 |  4- 6 |  7- 9 || total
-------------------------+-------+-------+-------++-------
Melee: Unarmed           |     4 |     3 |       ||     7
       Kick              |     2 |     2 |       ||     4
       Mace              |       |    10 |     1 ||    11
       Peck              |       |     2 |     1 ||     3
 Cast: Shock             |    81 |    63 |    90 ||   234
       Static Discharge  |     6 |    11 |    17 ||    34
       Airstrike         |       |     1 |       ||     1
Invok: Curse Item        |       |     1 |     1 ||     2
Armor: Robe              |     1 |    13 |     7 ||    21
Dodge: Dodged            |     7 |    16 |    15 ||    38
